 Dungeon Crawl Stone Soup version 0.31.0-11-ge490571c62 (webtiles) character file.

Game seed: 18266132131260956553

36 Caestello the Ruffian (level 3, 0/17 HPs)
             Began as a Formicid Shapeshifter on Feb 4, 2024.
             Incinerated by a bombardier beetle (4 damage)
             ... with a burning spray
             ... on level 3 of the Dungeon.
             The game lasted 00:04:39 (1827 turns).

Caestello the Ruffian (Formicid Shapeshifter)       Turns: 1827, Time: 00:04:40

Health: 0/17       AC:  1    Str: 20    XL:     3   Next: 57%
Magic:  3/3        EV: 16    Int: 15    God:
Gold:   108        SH:  0    Dex: 13    Spells: 2/2 levels left

rFire   . .          .
                       - Unarmed
rCold   . . .        (shield currently unavailable)
rNeg    . . .        f - melded +0 leather armour
rPois   .            (helmet unavailable)
rElec   .            (no cloak)
rCorr   .            h - +0 pair of gloves
SInv    +            (no boots)
Will    .....        (no amulet)
Stlth   +            p - +6 ring of intelligence
HPRegen 0.22/turn    (no ring)
MPRegen 0.08/turn

%: no passive effects
@: on fire, flux-form, glowing
A: glow, contaminating, reduced hp, permanent stasis, dig shafts and tunnels,
antennae 3, four strong arms
a: Dig, Shaft Self, Begin Untransformation


You were on level 3 of the Dungeon.
You were something dangerously unstable.
You visited 1 branch of the dungeon, and saw 3 of its levels.

You collected 108 gold pieces.

Inventory:

Armour
 a - a +0 animal skin
 f - a +0 leather armour (melded)
 h - a +0 pair of gloves (worn)
 k - a +0 ring mail
Jewellery
 p - a +6 ring of intelligence (left hand)
Talismans
 c - a beast talisman
 d - a flux talisman (active)
Scrolls
 i - 2 scrolls of revelation {unknown}
 l - a scroll of enchant weapon {unknown}
 m - 2 scrolls of teleportation {unknown}
 o - a scroll of identify {unknown}
 q - a scroll of silence {unknown}
Potions
 b - a potion of lignification
 e - a potion of magic {unknown}
 g - a potion of brilliance {unknown}
 j - a potion of heal wounds {unknown}
 n - a potion of curing {unknown}


   Skills:
 + Level 1.2 Fighting
 + Level 2.1 Dodging
 + Level 3.7 Unarmed Combat
 + Level 3.6 Shapeshifting


You had 2 spell levels left.
You didn't know any spells.
Your spell library contained the following spells:

 Spells                   Type           Power      Damage    Failure   Level
 Sandblast                Erth           0%         2d4       26%         1
 Slow                     Hex            0%         N/A       26%         1
 Confusing Touch          Hex            0%         N/A       63%         3
 Passwall                 Erth           0%         N/A       63%         3
 Sigil of Binding         Hex            0%         N/A       63%         3
 Stone Arrow              Conj/Erth      0%         3d7       63%         3
 Vampiric Draining        Necr           0%         2d6       63%         3
 Brom's Barrelling Bould  Conj/Erth      0%         2d3       95%         4


Dungeon Overview and Level Annotations

Branches:
Dungeon (3/15)

Altars:
Okawaru


Innate Abilities, Weirdness & Mutations

You are something dangerously unstable.
You glow with magical radiation, making you easy to see and hit.
Foes you strike become dangerously contaminated with magical radiation.
Your maximum health is decreased, since you lack skill for your form.
You are incapable of wielding weapons or throwing items.
You cannot be hasted, slowed, berserked, paralysed or teleported.
You can dig through walls and to a lower floor.
You have a pair of large antennae on your head. (SInv)
Your four strong arms can wield two-handed weapons with a shield.


Message History

As you open the door, it creaks loudly!
There is an open door here.
You open the door.
There is an open door here.
There is a stone staircase leading up here.
You see here a +0 short sword.
Done exploring.
Done exploring.
You see here a +0 short sword.
There is a stone staircase leading up here.
There is a stone staircase leading down here.
You climb downwards.
The rat squeaks loudly.
There is a stone staircase leading up here.
Found 9 gold pieces.
Found an iron altar of Okawaru.
You closely miss the bombardier beetle.
The bombardier beetle sprays incendiary fluid at you.
The burning spray hits you.
You are covered in liquid fire!
You barely miss the bombardier beetle. The liquid fire burns you!
You hit the bombardier beetle but do no damage.
The bombardier beetle begins to glow.
The liquid fire burns you! The bombardier beetle bites you.
You hit the bombardier beetle.
The bombardier beetle glows dangerously bright.
The bombardier beetle is lightly wounded.
The liquid fire burns you!
* * * LOW HITPOINT WARNING * * *
The rat completely misses you.
The bombardier beetle sprays incendiary fluid at you.
The burning spray hits you.
You are even more covered in liquid fire!
You hit the bombardier beetle but do no damage.
The bombardier beetle shudders as magic cascades through it.
The bombardier beetle twists and deforms.
The bombardier beetle is heavily wounded.
The liquid fire burns you!
You die...

#.# #.# #.#
###.### .....
...#### #.
#B....#
#...###p$.#.###
#._....r#.....#
#...###...#....
#. #.<## #.#
#...# # #....#
......#
###...## #....


You could see a bombardier beetle (misshapen) and a rat.

Vanquished Creatures
  A dart slug (D:2)
  4 ball pythons
  4 endoplasms (D:1)
  A giant cockroach (D:2)
  4 hobgoblins
  3 jackals (D:2)
  A quokka (D:1)
  A bat (D:2)
  A frilled lizard (D:1)
  4 goblins
  4 kobolds
  2 rats
30 creatures vanquished.

Notes
Turn   | Place    | Note
-------+----------+-------------------------------------------
     0 | D:1      | Caestello the Formicid Shapeshifter began the quest for the
                  | Orb.
     0 | D:1      | Reached XP level 1. HP: 15/15 MP: 1/1
    99 | D:1      | Reached XP level 2. HP: 4/21 MP: 2/2
   961 | D:2      | Reached XP level 3. HP: 17/26 MP: 3/3
  1820 | D:3      | Found an iron altar of Okawaru.
  1827 | D:3      | Incinerated by a bombardier beetle

Illustrated notes

Levels and vault maps discovered:
D:1:      minmay_arrival_four_circles, layout_loops_ring
D:2:      layout_loops_corners, serial_forest, infiniplex_forest_straight_2,
          infiniplex_forest_end_3, infiniplex_forest_lined_room_3,
          infiniplex_forest_lined_3, infiniplex_forest_clump_C,
          infiniplex_forest_straight_2, infiniplex_forest_corner_2
D:3:      layout_loops_ring, mainiacjoe_overflow_alcove_2,
          kennysheep_small_spiral

Skill      XL: |  1  2 |
---------------+-------+-----
Dodging        | 2 |  2.1
Fighting       | |  1.2
Unarmed Combat | |  3.7
Shapeshifting  | |  3.6

Action                     || total
---------------------------++-------
  Melee: Unarmed           ||    96
         Punch             ||     1
 Armour: Skin              ||    26
         Leather armour    ||     1
  Dodge: Dodged            ||    76
   Form: Flux              ||     1
